Map: Berlingrad LE

Players

herO

  • Race: Protoss Protoss

AgoElazer (Elazer) - Winner!

  • Race: Zerg Zerg

VOD

Have the link to the VOD?

Description

Time

  • Played on: Oct. 22, 2021, 8:47 a.m.
  • Length: 8:00
Show
View Real Time Build Order
Export as new Build Order

herO Protoss 

Build Orders: 1 Gate Expand, Oracle Opening 

Get SALT Encoding   

  12  0:00  Probe  
  13  0:12  Probe  
  14  0:17  Pylon  
  14  0:24  Probe (Chrono Boost)  
  15  0:36  Probe (Chrono Boost)  
  15  0:38  Gateway  
  16  0:44  Probe (Chrono Boost)  
  17  0:51  Probe, Assimilator  
  18  1:03  Probe  
  19  1:15  Probe  
  20  1:25  Nexus  
  20  1:34  Cybernetics Core  
  20  1:38  Probe  
  21  1:44  Assimilator  
  21  1:50  Probe  
  21  1:53  Pylon  
  22  2:02  Probe  
  23  2:11  Adept  
  23  2:14  Probe (Chrono Boost)  
  26  2:17  Stargate  
  26  2:26  Probe (Chrono Boost), Warp Gate  
  27  2:31  Probe (Chrono Boost)  
  28  2:37  Probe (Chrono Boost)  
  28  2:41  Probe (Chrono Boost)  
  28  2:42  Adept  
  32  2:47  Probe (Chrono Boost)  
  32  2:48  Probe (Chrono Boost)  
  34  2:52  Probe, Void Ray (Chrono Boost)  
  34  2:55  Probe  
  36  3:04  Probe  
  41  3:07  Pylon  
  41  3:11  Probe  
  42  3:16  Probe  
  42  3:19  Gateway  
  43  3:26  Probe  
  44  3:27  Oracle  
  44  3:29  Probe  
  50  3:47  Nexus  
  50  3:52  Twilight Council  
  50  3:53  Pylon  
  48  4:02  Gateway  
  48  4:03  Gateway  
  48  4:06  Probe x2  
  50  4:17  Assimilator  
  50  4:18  Probe x2, Assimilator  
  50  4:20  Adept  
  50  4:21  Adept  
  50  4:22  Resonating Glaives (Chrono Boost)  
  56  4:30  Probe x2  
  58  4:32  Pylon  
  60  4:46  Adept  
  60  4:48  Adept  
  60  4:51  Probe x2, Pylon  
  64  4:55  Pylon  
  64  4:58  Adept x2  
  68  5:03  Probe  
  68  5:05  Robotics Facility  
  71  5:08  Adept  
  71  5:09  Adept  
  71  5:13  Probe x2  
  75  5:15  Probe  
  75  5:19  Adept x2  
  80  5:25  Probe x2  
  80  5:27  Shield Battery, Probe  
  81  5:38  Adept x2  
  81  5:39  Adept x2  
  87  5:43  Probe  
  87  5:44  Probe x2  
  90  5:53  Observer (Chrono Boost)  
  90  5:56  Robotics Bay  
  91  5:58  Probe x3  
  91  6:00  Assimilator x2  
  91  6:01  Robotics Facility  
  94  6:08  Pylon  
  94  6:10  Probe x3  
  98  6:11  Observer (Chrono Boost)  
  98  6:12  Pylon  
  98  6:17  Forge  
  98  6:22  Adept  
  98  6:23  Immortal (Chrono Boost)  
  100  6:28  Adept x2  
  108  6:32  Adept  
  108  6:33  Shield Battery  
  108  6:36  Shield Battery  
  100  6:48  Disruptor (Chrono Boost)  
  100  6:52  Adept x3  
  94  6:54  Adept, Disruptor (Chrono Boost)  
  94  6:57  Shield Battery  
  94  6:59  Shield Battery  
  94  7:00  Shield Battery  
  91  7:13  Disruptor (Chrono Boost)  
  87  7:18  Disruptor (Chrono Boost)  
  87  7:22  Adept x4  
  53  7:51  Adept x2  
Show
View Real Time Build Order
Export as new Build Order

AgoElazer Zerg - Winner!

Build Orders: Hatch First 

Get SALT Encoding   

  12  0:00  Drone  
  13  0:12  Overlord  
  13  0:16  Drone  
  14  0:30  Drone x2  
  16  0:49  Hatchery  
  15  0:51  Drone  
  15  0:55  Drone  
  17  0:58  Drone  
  18  1:10  Extractor  
  17  1:14  Spawning Pool  
  17  1:18  Drone  
  17  1:20  Drone  
  18  1:28  Drone  
  19  1:39  Drone  
  20  1:52  Overlord  
  20  2:05  Queen x2  
  20  2:06  Drone  
  20  2:07  Zergling x2  
  26  2:15  Drone, Zergling x2  
  28  2:19  Metabolic Boost  
  28  2:22  Drone  
  29  2:24  Drone  
  30  2:32  Drone  
  30  2:34  Drone  
  32  2:41  Queen  
  34  2:44  Drone  
  34  2:46  Overlord  
  35  2:55  Hatchery  
  34  3:01  Overlord  
  34  3:03  Drone  
  35  3:13  Drone  
  35  3:14  Drone  
  35  3:15  Drone x4  
  35  3:17  Drone  
  42  3:21  Queen  
  42  3:27  Queen  
  44  3:30  Overlord  
  44  3:33  Overlord  
  46  3:37  Drone x2  
  46  3:39  Drone  
  46  3:40  Drone  
  50  3:42  Drone  
  51  3:51  Spore Crawler  
  51  3:52  Drone x4  
  51  3:54  Drone x2  
  56  3:58  Drone  
  56  4:02  Overlord  
  57  4:07  Drone  
  57  4:08  Drone  
  59  4:12  Drone  
  59  4:14  Queen  
  62  4:17  Drone  
  62  4:19  Drone x3  
  62  4:22  Drone x4  
  70  4:29  Extractor  
  70  4:30  Roach Warren, Overlord  
  68  4:31  Extractor  
  68  4:34  Drone x2  
  68  4:35  Drone  
  70  4:42  Overlord  
  70  4:44  Lair  
  70  4:48  Spore Crawler  
  70  4:49  Spore Crawler  
  70  4:51  Zergling x2  
  70  4:52  Zergling x12  
  75  4:54  Queen  
  75  4:56  Overlord  
  77  5:04  Overlord x2  
  77  5:13  Roach  
  77  5:14  Roach x4  
  87  5:17  Roach  
  87  5:18  Roach x2  
  87  5:20  Roach  
  95  5:21  Overlord  
  95  5:22  Zergling x6  
  95  5:36  Roach x6  
  107  5:43  Overlord  
  107  5:49  Roach x7  
  120  5:59  Zergling x2  
  120  6:00  Overlord x2  
  120  6:03  Overlord  
  121  6:11  Zergling x10  
  121  6:13  Ravager x2  
  128  6:19  Zergling x20  
  128  6:21  Ravager  
  139  6:32  Ravager  
  140  6:33  Overlord  
  140  6:34  Queen x2  
  140  6:37  Ravager  
  140  6:38  Zergling x8  
  139  6:51  Zergling x16  
  139  6:52  Overseer  
  142  6:56  Ravager  
  142  6:58  Queen  
  144  7:10  Queen x2  
  144  7:11  Ravager x2  
  144  7:13  Zergling x18  
  144  7:24  Hatchery  
  144  7:28  Zergling x8  
  141  7:30  Ravager x2  
  141  7:35  Zergling x4  
Tags
 
Add a new tag
Caveats
  • Supply blocks, unpowered buildings, or Contaminate may cause inaccurate times.
  • Supply counts are checked every 10 seconds.